[Event "Team 45 45 League T25"]
[Site "Internet Chess Club"]
[Date "2005.01.02"]
[Round "3"]
[White "mitdale"]
[Black "GoIrish"]
[Result "0-1"]
[WhiteElo "1663"]
[BlackElo "1578"]
[TimeControl "2700+45"]

1. e4 d6 2. d4 Nf6 3. Nc3 g6 4. f4 Bg7 5. Nf3 O-O 6. Bd3 Bg4 7. e5 dxe5 8. dxe5
Nd5 9. Nxd5 Qxd5 10. O-O Nc6 11. c3 Rad8 12. Bc2 Qc5+ 13. Kh1 Rxd1 14. Bxd1 Rd8
15. Be2 e6 16. h3 Bxf3 17. Rxf3 Ne7 18. Be3 Qc6 19. g4 Rd3 20. Kh2 Rd8 21. Rf2
Nd5 22. Bd4 Bf8 23. Bf3 Bc5 24. Rd1 Bxd4 25. Rxd4 Qe8 26. Rfd2 c5 27. R4d3 c4
28. Rd4 b5 29. f5 Rb8 30. a3 Rb6 31. fxe6 fxe6 32. Bxd5 exd5 33. Rxd5 Qe6 34. g5
Rb8 35. Rc5 Rc8 36. Rxb5 Kf8 37. Rf2+ Ke7 38. Rb7+ Ke8 39. Re2 Qd5 40. Rxh7 Qf3
41. Rg2 Qf4+ 42. Kh1 Qxe5 43. Rh4 Qe1+ 44. Kh2 Qxh4 45. Rg4 Qxg4 46. hxg4 Rd8
47. Kg3 Rd2 48. Kf4 Rxb2 49. Ke5 Rf2 50. a4 Kf7 51. a5 Ra2 52. Kd4 Rxa5 53. Kxc4
Ra6 54. Kb5 Ra1 55. c4 a5 56. c5 a4 57. c6 a3 58. Kb4 Rc1 59. Kxa3 Rxc6 60. Kb3
Ke6 61. Kb4 Ke5 62. Kb5 Rc1 63. Kb4 Kf4 64. Kb3 Kxg4 65. Kb2 Rc8 66. Kb3 Kxg5
67. Kb2 Kf5 68. Kb3 g5 69. Kb4 g4 70. Kb5 g3 71. Kb6 g2 72. Kb7 Rc1 73. Kb8 g1=Q
74. Kb7 Rc2 75. Kb8 Qb1+ {White resigns} 0-1

[Event "Team 45 45 League T25"]
[Site "Internet Chess Club"]
[Date "2005.01.03"]
[Round "3"]
[White "bmw2002"]
[Black "Xidnan"]
[Result "1-0"]
[WhiteElo "1510"]
[BlackElo "1494"]
[TimeControl "2700+45"]

1. c4 g6 2. Nc3 Bg7 3. g3 Nc6 4. Bg2 Nf6 5. Nf3 d5 6. cxd5 Nxd5 7. O-O Bg4 8. h3
Nxc3 9. bxc3 Bf5 10. d4 e5 11. Bb2 exd4 12. cxd4 Be4 13. e3 O-O 14. Qb3 Qf6 15.
Nd2 Bxg2 16. Kxg2 Na5 17. Qc3 Qc6+ 18. f3 Rfe8 19. Qxa5 Rxe3 20. Rac1 Re2+ 21.
Rf2 Rxf2+ 22. Kxf2 Bxd4+ 23. Kg2 Qb6 24. Qxb6 Bxb6 25. Bf6 Re8 26. Ne4 Re6 27.
Kf1 c6 28. Ke2 Bc7 29. Rd1 Re8 30. g4 Be5 31. Rd7 Bxf6 32. Rxb7 Bd4 33. Kd3 Bb6
34. Nf6+ Kf8 35. Nxe8 Kxe8 36. Ke4 c5 37. Kd5 Kf8 38. a4 Kg7 39. h4 Kf6 40. a5
Bxa5 41. Rxa7 Bb4 42. Rb7 h6 43. Rc7 Ba3 44. Ke4 Ke6 45. f4 f5+ 46. gxf5+ gxf5+
47. Kd3 Bc1 48. Rc6+ Kd5 49. Rxh6 Bxf4 50. Rf6 c4+ 51. Kc2 Ke4 52. h5 c3 53. h6
Be5 54. Re6 Kd5 55. Rxe5+ Kxe5 56. h7 Ke4 57. h8=Q f4 58. Qe8+ Kf3 59. Kxc3 Kg2
60. Qg6+ Kf2 61. Kd3 f3 62. Qg4 Ke1 63. Qg1# {Black checkmated} 1-0

[Event "Team 45 45 League T25"]
[Site "Internet Chess Club"]
[Date "2005.01.02"]
[Round "3"]
[White "SilverKnight"]
[Black "clarinetref"]
[Result "0-1"]
[WhiteElo "1290"]
[BlackElo "1368"]
[TimeControl "2700+45"]

1. e4 c5 2. Nf3 Nc6 3. d3 g6 4. g3 Bg7 5. Bg2 e6 6. O-O Nge7 7. Re1 O-O 8. e5 d6
9. Bf4 dxe5 10. Nxe5 Qb6 11. b3 Nd5 12. Bxd5 exd5 13. Nd2 Be6 14. Ndf3 f6 15.
Nxg6 hxg6 16. Rxe6 Rfe8 17. Rxe8+ Rxe8 18. Qd2 g5 19. Nxg5 fxg5 20. Bxg5 Bxa1
21. Bh6 Bf6 22. Qf4 Nd4 23. Qg4+ Kf7 24. Qh5+ Ke7 25. Qxd5 Qc6 {White resigns}
0-1

[Event "Team 45 45 League T25"]
[Site "Internet Chess Club"]
[Date "2005.01.03"]
[Round "3"]
[White "jientho"]
[Black "fuzzface"]
[Result "1-0"]
[WhiteElo "1345"]
[BlackElo "1309"]
[TimeControl "2700+45"]

1. e4 e5 2. Nf3 Nc6 3. Bc4 h6 4. d4 Qf6 5. Nc3 Bb4 6. Bd2 Nge7 7. Nb5 O-O 8. d5
Bxd2+ 9. Qxd2 a6 10. Nxc7 Ra7 11. dxc6 Qxc6 12. Bxf7+ Rxf7 13. Nd5 d6 14. Nxe7+
Rxe7 15. Qd5+ Qxd5 16. exd5 Bf5 17. c4 b6 18. O-O Rac7 19. b3 g5 20. Rfe1 Kg7
21. h3 Rc5 22. g4 Bg6 23. Kg2 b5 24. Nd2 e4 25. Re3 h5 26. gxh5 Bxh5 27. Nxe4
Rxe4 28. Rxe4 bxc4 29. bxc4 Bg6 30. Re7+ Kf6 31. Rae1 Rxc4 32. R1e6+ Kf5 33.
Rxd6 g4 34. Rxa6 gxh3+ 35. Kxh3 Rc3+ 36. Kg2 Rd3 37. d6 Kf6 38. Re3 Rd5 39. d7+
Kg7 40. Ra7 Rg5+ 41. Kf1 Rd5 {Black resigns} 1-0

[Event "Team 45 45 League T25"]
[Site "Internet Chess Club"]
[Date "2005.01.02"]
[Round "3"]
[White "hotzoddy"]
[Black "klt713"]
[Result "1-0"]
[WhiteElo "1161"]
[BlackElo "1229"]
[TimeControl "2700+45"]

1. e4 c5 2. Nc3 e6 3. Nf3 d6 4. Bc4 a6 5. a3 b5 6. Bb3 c4 7. Ba2 Bb7 8. O-O Nd7
9. d3 Rc8 10. dxc4 bxc4 11. Bd2 Ngf6 12. b3 cxb3 13. Bxb3 Nxe4 14. Nxe4 Bxe4 15.
Re1 Bf5 16. Bg5 Nf6 17. Ba4+ Ke7 18. Nd4 h6 19. Nxf5# {Black checkmated} 1-0

[Event "Team 45 45 League T25"]
[Site "Internet Chess Club"]
[Date "2005.01.01"]
[Round "3"]
[White "slakkjaw"]
[Black "ffplayer"]
[Result "0-1"]
[WhiteElo "1266"]
[BlackElo "1082"]
[TimeControl "2700+45"]

1. d4 d5 2. c4 e6 3. Nc3 Nf6 4. Bf4 c6 5. Nf3 Nbd7 6. e3 Bb4 7. Qc2 O-O 8. O-O-O
Bxc3 9. Qxc3 a6 10. Bd3 h6 11. Rdg1 b5 12. c5 a5 13. Kc2 b4 14. Qd2 Ba6 15. b3
Bxd3+ 16. Qxd3 Ne4 17. Qf1 a4 18. g4 axb3+ 19. Kb2 bxa2 20. Qg2 Qa5 21. Bxh6
Qa3+ 22. Ka1 Qc3# {White checkmated} 0-1

[Event "Team 45 45 League T25"]
[Site "Internet Chess Club"]
[Date "2005.01.02"]
[Round "3"]
[White "chesskix"]
[Black "bubbarook"]
[Result "1-0"]
[WhiteElo "1527"]
[BlackElo "1323"]
[TimeControl "2700+45"]

1. d4 d5 2. c4 Nf6 3. Nc3 e6 4. Nf3 Nbd7 5. cxd5 exd5 6. g3 Be7 7. a3 O-O 8. Bg2
Ne4 9. Nxd5 Ndf6 10. Nxe7+ Qxe7 11. O-O Re8 12. Ne5 Bf5 13. e3 c6 14. f3 Nc5 15.
e4 Ncxe4 16. fxe4 Nxe4 17. Rxf5 f6 18. Bxe4 fxe5 19. Rxe5 Qf8 20. Bf4 Rxe5 21.
Bxe5 Rd8 22. Qh5 g6 23. Bxg6 {Black resigns} 1-0

[Event "Team 45 45 League T25"]
[Site "Internet Chess Club"]
[Date "2005.01.04"]
[Round "3"]
[White "houseofcook"]
[Black "WannaB"]
[Result "1-0"]
[WhiteElo "1350"]
[BlackElo "1099"]
[TimeControl "2700+45"]

1. Nf3 Nf6 2. g3 d5 3. Bg2 c5 4. d3 Nc6 5. Nbd2 e6 6. O-O Be7 7. e4 Nd4 8. e5
Nxf3+ 9. Nxf3 Nd7 10. Re1 O-O 11. c3 Rb8 12. d4 f6 13. Bf4 f5 14. Qd2 b5 15. Bg5
Bb7 16. Bxe7 Qxe7 17. a3 Nf6 18. exf6 Qxf6 19. Ne5 Qe7 20. dxc5 Qxc5 21. Nd7 Qc7
22. Nxf8 Rxf8 23. Rxe6 Bc8 24. Re2 Qf4 {Black resigns} 1-0

[Event "Team 45 45 League T25"]
[Site "Internet Chess Club"]
[Date "2005.01.03"]
[Round "3"]
[White "DayDream01"]
[Black "Prop"]
[Result "0-1"]
[WhiteElo "1106"]
[BlackElo "1284"]
[TimeControl "2700+45"]

1. d4 d5 2. c4 Nf6 3. Nc3 e6 4. Bg5 dxc4 5. Qa4+ Nc6 6. Nf3 Be7 7. Qxc4 O-O 8.
e4 Nb4 9. Bd3 Nxd3+ 10. Qxd3 c5 11. e5 Nd7 12. Bxe7 Qxe7 13. O-O b6 14. Rfe1 Bb7
15. Nb5 a6 16. Nc7 Nxe5 17. Nxe5 Qxc7 18. dxc5 bxc5 19. Re3 Rad8 20. Qc2 Rd5 21.
Nf3 Rfd8 22. Re5 Rxe5 23. Re1 Bxf3 24. Rxe5 Rd1+ 25. Re1 Rxe1# {White
checkmated} 0-1

[Event "Team 45 45 League T25"]
[Site "Internet Chess Club"]
[Date "2004.12.30"]
[Round "3"]
[White "jerry813"]
[Black "GLuft"]
[Result "1-0"]
[WhiteElo "1245"]
[BlackElo "1100"]
[TimeControl "2700+45"]

1. f4 d5 2. h3 e5 3. e3 f6 4. Nf3 Nc6 5. Bb5 Bd7 6. Nc3 Nge7 7. O-O Nb4 8. fxe5
a6 9. Bxd7+ Qxd7 10. exf6 gxf6 11. Nh4 Bg7 12. Qh5+ Kd8 13. Nf5 Nxf5 14. Rxf5 c6
15. e4 d4 16. Na4 Nxc2 17. Rb1 Kc7 18. d3 Ne3 19. Nc5 Qe7 20. Rf3 Qe5 21. Qxe5+
fxe5 22. Ne6+ Kd6 23. Nxg7 Raf8 24. Nf5+ Nxf5 25. Rxf5 Ke6 26. Bh6 Rf6 27. Bg7
Rxf5 28. exf5+ Kxf5 29. Bxh8 Ke6 30. Rf1 c5 31. Rf6+ Kd5 32. Rf7 b5 33. Rxh7 c4
34. dxc4+ Kxc4 35. Bxe5 d3 36. Rd7 a5 37. Rd4+ Kc5 38. Rxd3 {Black resigns} 1-0

[Event "Team 45 45 League T25"]
[Site "Internet Chess Club"]
[Date "2005.01.03"]
[Round "3"]
[White "Lizaveta"]
[Black "Midwest-Rook"]
[Result "0-1"]
[WhiteElo "1394"]
[BlackElo "1245"]
[TimeControl "2700+45"]

1. e4 e5 2. Nf3 Nc6 3. Nc3 Bc5 4. Nxe5 Nxe5 5. d4 Bb4 6. dxe5 Bxc3+ 7. bxc3 d6
8. Bc4 Be6 9. Bxe6 fxe6 10. exd6 Qxd6 11. Qh5+ g6 12. Qb5+ Qc6 13. Qd3 Rd8 14.
Qe3 b6 15. Bb2 Nf6 16. c4 Rf8 17. Bxf6 Rxf6 18. Qe2 Rf4 19. f3 Qc5 20. g3 Qb4+
21. Kf2 Qc5+ 22. Qe3 Rd2+ {White resigns} 0-1

[Event "Team 45 45 League T25"]
[Site "Internet Chess Club"]
[Date "2004.12.30"]
[Round "3"]
[White "wojozim"]
[Black "SeanT"]
[Result "0-1"]
[WhiteElo "1337"]
[BlackElo "1327"]
[TimeControl "2700+45"]

1. d4 d5 2. Nf3 Nc6 3. e3 a6 4. Bd3 e6 5. Nbd2 Bd6 6. c3 Bd7 7. O-O b5 8. Re1 f5
9. Kh1 Qe7 10. b3 h5 11. c4 bxc4 12. bxc4 Qf6 13. Rb1 g5 14. c5 Be7 15. Rb7 Bd8
16. Ba3 Bc8 17. Rb2 a5 18. Qb1 Nge7 19. Ne5 Nxe5 20. dxe5 Qxe5 21. Rb8 Rxb8 22.
Qxb8 Qc3 23. Qb2 Qxb2 24. Bxb2 O-O 25. Ba3 c6 26. Nb3 Ng6 27. Nd4 Ne5 28. Bc2
Bd7 29. Rb1 f4 30. Rb7 fxe3 31. fxe3 Rf1# {White checkmated} 0-1

[Event "Team 45 45 League T25"]
[Site "Internet Chess Club"]
[Date "2005.01.04"]
[Round "3"]
[White "mjallen66"]
[Black "markev"]
[Result "1-0"]
[WhiteElo "1143"]
[BlackElo "1309"]
[TimeControl "2700+45"]

1. d4 Nf6 2. c4 d5 3. Nc3 e6 4. Bg5 Be7 5. Bxf6 Bxf6 6. e4 c6 7. e5 Be7 8. c5 b6
9. Qg4 O-O 10. b4 bxc5 11. bxc5 Qa5 12. Ne2 Ba6 13. g3 Bxe2 14. Qxe2 Qxc3+ 15.
Qd2 Qxa1+ 16. Qd1 Qxd4 17. Qxd4 Nd7 18. Bd3 Bxc5 19. Qh4 g6 20. O-O Nxe5 21. Be2
Rab8 22. Rc1 Ba3 23. Rc3 Bb2 24. Re3 f6 25. f4 Bd4 26. Kf2 Nc4 27. Bxc4 dxc4 28.
Ke2 Rb2+ 29. Kf3 Bxe3 30. Kxe3 Rxa2 31. f5 Ra3+ 32. Kf2 Rd8 33. Kg2 c3 34. Qxf6
exf5 35. Qxd8+ Kg7 36. Qe7+ Kh6 37. Qxa3 c2 38. Qc3 g5 39. Qxc2 {Black resigns}
1-0

[Event "Team 45 45 League T25"]
[Site "Internet Chess Club"]
[Date "2005.01.02"]
[Round "3"]
[White "cazj"]
[Black "chesskel"]
[Result "1-0"]
[WhiteElo "1302"]
[BlackElo "1200"]
[TimeControl "2700+45"]

1. e4 c5 2. c3 d6 3. d4 Nf6 4. Bd3 b6 5. Nf3 e6 6. Bg5 Be7 7. O-O Nc6 8. Bc2 a6
9. Qd3 Qc7 10. Nbd2 b5 11. b3 b4 12. c4 a5 13. Rfe1 e5 14. d5 Nd4 15. Nxd4 cxd4
16. f4 Bd7 17. Nf3 a4 18. h3 h6 19. Bh4 Nh5 20. f5 Nf4 21. Qd1 Bxh4 22. Nxh4 Qd8
23. g3 Nxh3+ 24. Kg2 g5 25. fxg6 Qf6 26. Rf1 Nf4+ 27. Kh1 Bh3 28. Rf2 h5 29.
gxf7+ Kxf7 30. Qd2 Rhg8 31. gxf4 Qxh4 32. fxe5+ Ke7 33. exd6+ Kd7 34. Rh2 Rg2
35. Rxg2 Bxg2+ 36. Kxg2 Rg8+ 37. Kf3 Qf6+ 38. Qf4 Rf8 39. Qxf6 Rxf6+ 40. Ke2 a3
41. e5 Rf4 42. Rf1 Rh4 43. e6+ Kxd6 44. Re1 Rh2+ 45. Kd1 Ke7 46. c5 Rg2 47. d6+
Kf6 48. e7 Rg8 49. e8=Q Rxe8 50. Rxe8 Kg5 51. d7 h4 52. d8=Q+ Kg4 53. Qxd4+
{Black resigns} 1-0

[Event "Team 45 45 League T25"]
[Site "Internet Chess Club"]
[Date "2005.01.01"]
[Round "3"]
[White "az2112"]
[Black "Calculator30"]
[Result "1-0"]
[WhiteElo "1735"]
[BlackElo "1560"]
[TimeControl "2700+45"]

1. Nf3 Nc6 2. e4 e5 3. Bb5 a6 4. Ba4 Nf6 5. O-O b5 6. Bb3 Be7 7. Re1 O-O 8. c3
d6 9. d4 exd4 10. cxd4 Bg4 11. Qc2 Qd7 12. e5 Bxf3 13. e6 Nxd4 14. exd7 Nxc2 15.
Bxc2 Bd8 16. gxf3 Nxd7 17. Be4 Re8 18. Be3 Rb8 19. Bc6 Rxe3 20. fxe3 Ne5 21. Be4
Bh4 22. Re2 Re8 23. Nc3 c6 24. f4 d5 25. Bf5 Nc4 26. Bd7 Re7 27. Bxc6 b4 28.
Nxd5 {Black resigns} 1-0

[Event "Team 45 45 League T25"]
[Site "Internet Chess Club"]
[Date "2005.01.01"]
[Round "3"]
[White "qs16"]
[Black "GadsHill"]
[Result "0-1"]
[WhiteElo "1687"]
[BlackElo "1628"]
[TimeControl "2700+45"]

1. d4 Nf6 2. e3 d5 3. Bd3 c5 4. c3 Nc6 5. Nd2 e6 6. f4 Qc7 7. Ngf3 cxd4 8. cxd4
Nb4 9. Bb1 Bd7 10. O-O Rc8 11. Ne5 Bb5 12. Re1 Nc2 13. Bxc2 Qxc2 14. a3 Bd6 15.
Qf3 Bd3 16. Nxd3 Qxd3 17. Qe2 Qxe2 18. Rxe2 Rc2 19. h3 Ke7 20. Kf1 Rhc8 21. Re1
b5 22. Ke2 Ne4 23. Kd3 Nxd2 24. Bxd2 Rxb2 25. Rec1 Rxc1 26. Rxc1 Rb3+ 27. Kc2
Rxa3 28. Kb2 a5 29. Rc3 Rxc3 30. Bxc3 Bc7 31. Kb3 Kf6 32. Kc2 g5 33. g3 Kf5 34.
Kd3 h5 35. Bd2 b4 36. Ke2 gxf4 {White resigns} 0-1

[Event "Team 45 45 League T25"]
[Site "Internet Chess Club"]
[Date "2005.01.03"]
[Round "3"]
[White "dondel"]
[Black "pompboy"]
[Result "0-1"]
[WhiteElo "1671"]
[BlackElo "1595"]
[TimeControl "2700+45"]

1. e4 e5 2. Bc4 Nc6 3. Nf3 Nf6 4. Nc3 Be7 5. d3 O-O 6. Ne2 d6 7. h3 Na5 8. Ng3
Nxc4 9. dxc4 Be6 10. b3 Qd7 11. Ng5 Qc6 12. Nxe6 fxe6 13. Qe2 Rad8 14. Bb2 d5
15. exd5 exd5 16. O-O dxc4 17. Nf5 Bd6 18. Nxd6 cxd6 19. bxc4 Rc8 20. Ba3 Rfd8
21. Rfd1 b6 22. f3 Ne8 23. Rd2 Qxc4 24. Qd1 d5 25. Bb2 d4 26. Qe2 Qxe2 27. Rxe2
Rc5 28. Rae1 Nf6 29. g4 Rdc8 30. Rc1 d3 31. Rd2 Rxc2 32. Rxd3 Rxc1+ 33. Bxc1
Rxc1+ 34. Kf2 Rc2+ 35. Ke3 Rxa2 36. Rd8+ Kf7 37. Rd3 Ke6 {White resigns} 0-1

[Event "Team 45 45 League T25"]
[Site "Internet Chess Club"]
[Date "2005.01.02"]
[Round "3"]
[White "disciple"]
[Black "rgadoury"]
[Result "0-1"]
[WhiteElo "1314"]
[BlackElo "1433"]
[TimeControl "2700+45"]

1. d4 Nf6 2. c4 d5 3. Nc3 dxc4 4. e4 e6 5. Qa4+ Bd7 6. Qxc4 Nc6 7. a3 a6 8. Nf3
b5 9. Qd3 Be7 10. Be2 O-O 11. O-O Na5 12. e5 Nd5 13. Ne4 f6 14. Bd2 Nc6 15. Nc3
Nxc3 16. bxc3 fxe5 17. d5 exd5 18. Qxd5+ Kh8 19. Nxe5 Nxe5 20. Qxe5 Bd6 21. Qd4
Re8 22. Bf3 Rb8 23. Rae1 Rxe1 24. Rxe1 Qf8 25. c4 bxc4 26. Qxc4 Bb5 27. Qd5 Rd8
28. Qa2 Bxa3 29. Bg5 Rb8 30. Qa1 Bd6 31. Qd4 Re8 32. Rxe8 Qxe8 33. g3 Qe1+ 34.
Kg2 Qf1# {White checkmated} 0-1

[Event "Team 45 45 League T25"]
[Site "Internet Chess Club"]
[Date "2005.01.02"]
[Round "3"]
[White "hondocando"]
[Black "fernbap"]
[Result "0-1"]
[WhiteElo "1565"]
[BlackElo "1729"]
[TimeControl "2700+45"]

1. e4 e6 2. d4 c5 3. d5 exd5 4. exd5 d6 5. Bb5+ Nd7 6. Qe2+ Qe7 7. Qxe7+ Bxe7 8.
Nf3 Nf6 9. c4 O-O 10. Bxd7 Nxd7 11. Bg5 Re8 12. O-O Bxg5 13. Nxg5 h6 14. Nf3 Nf6
15. Nc3 a6 16. h3 Bd7 17. Rfe1 b5 18. b3 b4 19. Nb1 Bf5 20. Nbd2 Kf8 21. g4 Bh7
22. g5 Ne4 23. gxh6 gxh6 24. Re3 Re7 25. Rae1 Rae8 26. Nxe4 Rxe4 27. Rxe4 Rxe4
28. Rxe4 Bxe4 29. Nd2 Bf5 30. Kg2 Ke7 31. f3 Bd3 32. Kg3 f5 33. h4 Kf6 34. f4 a5
35. h5 Bc2 36. Kf2 a4 37. bxa4 Bxa4 38. Nb3 Be8 39. Na5 Bxh5 40. Nb7 Ke7 41. Kg3
Be2 42. Na5 Kd7 43. Kf2 Bd3 44. Nb3 Bxc4 {White resigns} 0-1

[Event "Team 45 45 League T25"]
[Site "Internet Chess Club"]
[Date "2004.12.31"]
[Round "3"]
[White "reijo"]
[Black "foodfight"]
[Result "1-0"]
[WhiteElo "1564"]
[BlackElo "1591"]
[TimeControl "2700+45"]

1. d4 Nf6 2. Nf3 e6 3. e3 b6 4. Bd3 Bb7 5. O-O d5 6. Nbd2 Bd6 7. Qe2 Ne4 8. Ne5
Nd7 9. Qg4 Qg5 10. Qxg5 Nxg5 11. Bb5 Bxe5 12. dxe5 c6 13. Bd3 f5 14. exf6 Nxf6
15. f4 Nf7 16. b3 O-O-O 17. Bb2 Ng4 18. Rae1 Rdg8 19. Nf3 Nf6 20. Ne5 Nxe5 21.
Bxe5 Ng4 22. Bb2 Nf6 23. c4 c5 24. cxd5 Rd8 25. e4 exd5 26. exd5 Bxd5 27. Bf5+
Kb8 28. Re7 Rhg8 29. Be5+ Ka8 30. Bc7 Rde8 31. Rfe1 Rxe7 32. Rxe7 Re8 33. Bd6
Rxe7 34. Bxe7 g6 35. Bc2 Ne4 36. Kf1 Kb7 37. g4 Kc7 38. h4 Kd7 39. Bf8 Ke6 40.
Bg7 a6 41. Ke2 Nc3+ 42. Bxc3 {Black resigns} 1-0

[Event "Team 45 45 League T25"]
[Site "Internet Chess Club"]
[Date "2005.01.03"]
[Round "3"]
[White "jacknor"]
[Black "JesterFox"]
[Result "1-0"]
[WhiteElo "1535"]
[BlackElo "1492"]
[TimeControl "2700+45"]

1. d4 Nf6 2. Nf3 e6 3. Bg5 Be7 4. Nbd2 d5 5. e3 c5 6. c3 b6 7. Bd3 h6 8. Bh4
Nbd7 9. Ne5 Bb7 10. f4 Nxe5 11. fxe5 Nd7 12. Bxe7 Qxe7 13. O-O c4 14. Bc2 a5 15.
Qh5 g6 16. Qe2 O-O-O 17. Ba4 Ba6 18. Bxd7+ Kxd7 19. e4 Kc6 20. exd5+ exd5 21.
Rf6+ Kc7 22. Raf1 Rh7 23. Qf3 Rd7 24. Rf2 Bb5 25. h3 Kd8 26. Rxb6 Rb7 27. Qxd5+
Qd7 28. Qxb7 {Black resigns} 1-0

[Event "Team 45 45 League T25"]
[Site "Internet Chess Club"]
[Date "2004.12.31"]
[Round "3"]
[White "Traho"]
[Black "bubbarook"]
[Result "0-1"]
[WhiteElo "1365"]
[BlackElo "1331"]
[TimeControl "2700+45"]

1. e4 e5 2. Nf3 Nc6 3. Bb5 Nf6 4. O-O a6 5. Ba4 Bc5 6. Re1 Ng4 7. Re2 Qf6 8.
Bxc6 dxc6 9. d3 h6 10. Bd2 Nxf2 11. Rxf2 Bxf2+ 12. Kxf2 Bg4 13. h3 Bxf3 14. Qxf3
Qxf3+ 15. Kxf3 O-O-O 16. Bc3 f6 17. Nd2 g5 18. Nf1 Rdg8 19. Nh2 h5 20. Kf2 g4
21. hxg4 hxg4 22. Kg3 Rh5 23. Rh1 c5 24. Bd2 Rgh8 25. b3 f5 26. exf5 Rxf5 27.
Kxg4 Rf2 28. Be3 Rxg2+ 29. Kf3 Rgxh2 30. Rg1 Rxc2 31. Ke4 Rxa2 32. Kxe5 Re2 33.
Rg3 Re8+ 34. Kf4 Re1 35. Bxc5 Rf1+ 36. Rf3 Rxf3+ 37. Kxf3 b6 38. Be3 Re5 39. b4
Rb5 40. Bd2 a5 41. bxa5 bxa5 42. Ke2 a4 43. Kd1 a3 44. Kc2 a2 45. Bc3 Rb1 {White
resigns} 0-1

[Event "Team 45 45 League T25"]
[Site "Internet Chess Club"]
[Date "2005.01.02"]
[Round "3"]
[White "NFK"]
[Black "trikmamak"]
[Result "0-1"]
[WhiteElo "1788"]
[BlackElo "2241"]
[TimeControl "2700+45"]

1. e4 c5 2. d4 cxd4 3. c3 Nf6 4. e5 Nd5 5. cxd4 Nc6 6. Nf3 d6 7. Bc4 Nb6 8. Bb3
dxe5 9. dxe5 Qxd1+ 10. Bxd1 Nc4 11. Ba4 Bd7 12. e6 Bxe6 13. Bxc6+ bxc6 14. Nc3
g6 15. O-O Bg7 16. Re1 Rb8 17. Ng5 Bf5 18. Nge4 O-O 19. Re2 Rfd8 20. Ng3 Bxc3
21. bxc3 Rd1+ 22. Nf1 Bd3 {White resigns} 0-1

[Event "Team 45 45 League T25"]
[Site "Internet Chess Club"]
[Date "2005.01.03"]
[Round "3"]
[White "GameMaster"]
[Black "Egmont"]
[Result "1-0"]
[WhiteElo "1747"]
[BlackElo "1633"]
[TimeControl "2700+45"]

1. d4 d5 2. c4 c6 3. cxd5 cxd5 4. Nc3 Nf6 5. Nf3 Nc6 6. Bg5 e6 7. h3 Bb4 8. Qc2
O-O 9. Rc1 Qa5 10. Bxf6 gxf6 11. Ra1 b6 12. e3 Ba6 13. Bd3 Bxd3 14. Qxd3 Bd6 15.
O-O Nb4 16. Qb1 Qa6 17. Rd1 Rac8 18. a3 Nc6 19. Nh2 Na5 20. Ng4 Be7 21. e4 dxe4
22. Nxe4 f5 23. Nef6+ Bxf6 24. Nxf6+ Kg7 25. Nh5+ Kh8 26. Rc1 Rxc1+ 27. Qxc1 Qe2
28. Qh6 Rg8 29. Qf6+ {Black resigns} 1-0

[Event "Team 45 45 League T25"]
[Site "Internet Chess Club"]
[Date "2004.12.30"]
[Round "3"]
[White "SkatingBishop"]
[Black "nursey"]
[Result "1-0"]
[WhiteElo "1714"]
[BlackElo "1740"]
[TimeControl "2700+45"]

1. e4 e5 2. Nf3 Nc6 3. Bc4 Bc5 4. c3 Nf6 5. d4 exd4 6. cxd4 Bb4+ 7. Nc3 Nxe4 8.
O-O Bxc3 9. d5 Bf6 10. Re1 Ne7 11. Rxe4 O-O 12. d6 cxd6 13. Qxd6 Nf5 14. Qd3 d6
15. Bf4 Bxb2 16. Rae1 Bf6 17. Qb3 Qd7 18. Bg5 b6 19. Bxf6 gxf6 20. Rg4+ Ng7 21.
Rg3 Rd8 22. Qe3 Kh8 23. Qh6 Rg8 24. Qxf6 d5 25. Ne5 dxc4 26. Nxf7+ Qxf7 27. Qxf7
Ba6 28. Re7 Raf8 29. Qd5 b5 30. Rxa7 Re8 31. h3 Re1+ 32. Kh2 Bc8 33. Raxg7 Be6
34. Rxg8+ Bxg8 35. Qxg8# {Black checkmated} 1-0

[Event "Team 45 45 League T25"]
[Site "Internet Chess Club"]
[Date "2005.01.01"]
[Round "3"]
[White "mal57"]
[Black "chinta"]
[Result "0-1"]
[WhiteElo "1419"]
[BlackElo "1651"]
[TimeControl "2700+45"]

1. e4 e5 2. d4 exd4 3. Qxd4 Nc6 4. Qd1 Bc5 5. Qe2 Nf6 6. Bg5 O-O 7. Nd2 Nd4 8.
Qd3 d5 9. e5 Re8 10. Ngf3 Nxf3+ 11. Nxf3 Bxf2+ 12. Kxf2 Ng4+ 13. Kg3 Qd7 14. Be2
h6 15. h3 Nxe5 16. Nxe5 Rxe5 17. Bf4 Re6 18. Bg4 Rg6 19. Kh2 Qa4 20. Qd2 Bxg4
21. hxg4 Rxg4 22. g3 c6 23. Kg2 Qe4+ 24. Kh3 Qf5 25. Kg2 g5 26. Rh5 Qxf4 27.
Qxf4 gxf4 28. Kf3 Rxg3+ 29. Kxf4 Rg6 30. Re1 Kf8 31. Reh1 Kg7 32. Rf1 Rf6+
{White resigns} 0-1

[Event "Team 45 45 League T25"]
[Site "Internet Chess Club"]
[Date "2005.01.03"]
[Round "3"]
[White "camembert"]
[Black "Loco-Motif"]
[Result "1/2-1/2"]
[WhiteElo "1894"]
[BlackElo "1867"]
[TimeControl "2700+45"]

1. e4 e5 2. f4 exf4 3. Nf3 d5 4. exd5 Nf6 5. Bc4 Nxd5 6. Bxd5 Qxd5 7. O-O Be7 8.
Nc3 Qd8 9. d4 O-O 10. Bxf4 c6 11. Qd3 Be6 12. Rae1 Bf6 13. Ne4 Nd7 14. Nxf6+
Nxf6 15. Ng5 Qd7 16. Be5 h6 17. Bxf6 hxg5 18. Bxg5 f6 19. Be3 b5 20. b3 Qf7 21.
Bf4 Bd5 22. Re3 Rfe8 23. Be5 Re6 24. Bg3 Rxe3 25. Qxe3 Re8 26. Qd2 Re4 27. Re1
Qe8 28. Rxe4 Qxe4 29. Kf1 Kf7 30. Qe2 Qxd4 31. Qe1 Qe4 32. Qxe4 Bxe4 33. c3 Ke6
34. Bb8 a6 35. g3 g5 36. Kf2 g4 37. Ke3 Bb1 38. a3 Kd5 39. Kd2 f5 40. Kc1 Bd3
41. Kd2 Ke4 42. Bc7 c5 43. Bd6 c4 44. bxc4 Bxc4 45. Bc7 Kf3 46. Bd8 Kg2 47. Ke3
Kxh2 48. Bc7 Kg2 49. Bd6 a5 50. Bc7 a4 51. Bd6 Kf1 52. Bb4 Ke1 53. Kf4 Bd3 54.
Ke3 Bc4 55. Kf4 Kf2 56. Bd6 Bd3 57. Bb4 Be4 58. Bd6 Ke2 59. Bb4 Kd3 60. Kg5 Kc4
61. Kf4 Kd3 62. Kg5 Ke3 63. Bc5+ Kf3 64. Bd6 Bd3 65. Kh4 {Game drawn by mutual
agreement} 1/2-1/2

[Event "Team 45 45 League T25"]
[Site "Internet Chess Club"]
[Date "2004.12.30"]
[Round "3"]
[White "mickeys"]
[Black "swingdoc"]
[Result "0-1"]
[WhiteElo "1687"]
[BlackElo "1728"]
[TimeControl "2700+45"]

1. d4 d5 2. c4 Nc6 3. Nf3 Bg4 4. e3 e5 5. Be2 e4 6. Nfd2 Bxe2 7. Qxe2 Nb4 8. Na3
Nd3+ 9. Kf1 Bxa3 10. bxa3 c6 11. g3 Qd7 12. Kg2 Nf6 13. cxd5 cxd5 14. Nb3 Qg4
15. f3 exf3+ 16. Qxf3 Rc8 17. Bd2 h5 18. Qf1 Qe4+ 19. Qf3 Rc2 20. Rhd1 Ng4 21.
Qxe4+ dxe4 22. Kg1 h4 23. h3 Ngf2 24. Rf1 hxg3 25. Kg2 Rxh3 26. Rg1 Rc6 27. Na5
Rch6 28. Be1 Rh2+ 29. Kf1 Rf6 30. Rg2 Ng4+ 31. Kg1 Rxg2+ 32. Kxg2 Nxe3+ 33. Kxg3
Rh6 34. Bd2 Rg6+ 35. Kh3 Nf2+ 36. Kh4 Nf5+ 37. Kh5 Ng3+ 38. Kh4 Rg4# {White
checkmated} 0-1

[Event "Team 45 45 League T25"]
[Site "Internet Chess Club"]
[Date "2005.01.04"]
[Round "3"]
[White "Rainbird"]
[Black "Rookmaster"]
[Result "0-1"]
[WhiteElo "1635"]
[BlackElo "1780"]
[TimeControl "2700+45"]

1. Nf3 d5 2. c4 e6 3. g3 Nf6 4. Bg2 c5 5. O-O Nc6 6. b3 Be7 7. Bb2 O-O 8. e3 d4
9. exd4 Nxd4 10. b4 Nxf3+ 11. Bxf3 cxb4 12. d4 Qc7 13. Qc2 Bd7 14. Qd3 Rac8 15.
Nd2 Rfd8 16. Rfe1 Bc6 17. Bd1 a6 18. Nf3 b6 19. Bc2 Bxf3 20. Qxf3 Qxc4 21. Bd3
Qd5 22. Qxd5 Nxd5 23. Bxa6 Rc2 24. Re2 Rxe2 25. Bxe2 Rc8 26. Rc1 Rxc1+ 27. Bxc1
Nc3 28. Bc4 b5 29. Bd3 Nxa2 30. Bd2 Nc3 31. Kf1 Bf6 32. Be3 b3 33. Bc1 Bxd4 34.
Bb2 b4 35. Bc4 Bxf2 36. Bxc3 bxc3 37. Bxb3 Bd4 38. Ke2 Kf8 39. h3 Ke7 40. Bc2
Kd6 41. Bxh7 g6 42. Kd3 Bf6 43. Bg8 Ke7 44. h4 Kf8 {White resigns} 0-1